 Dungeon Crawl Stone Soup version 0.29-a0-821-g66395355a5 (webtiles) character file.

Game seed: 15260229748355871692

89 bande the Trooper (level 4, -1/29 HPs)
             Began as a Gargoyle Fighter on July 7, 2022.
             Slain by an orc
             ... wielding a +0 falchion
              (2 damage)
             ... on level 3 of the Dungeon.
             The game lasted 00:02:48 (1491 turns).

bande the Trooper (Gargoyle Fighter)                Turns: 1491, Time: 00:02:49

Health: -1/29      AC: 10    Str: 19    XL:     4   Next: 55%
Magic:  4/4        EV:  9    Int:  9    God:
Gold:   177        SH:  4    Dex: 11    Spells: 3/3 levels left

rFire   . . .      SeeInvis .   a - +0 war axe
rCold   . . .      Faith    .   c - +0 buckler
rNeg    + . .      Spirit   .   b - +0 scale mail
rPois   ∞          Reflect  .   (no helmet)
rElec   +          Harm     .   (no cloak)
rCorr   .          Rampage  .   (no gloves)
Will    .....                   (no boots)
Stlth   ..........              (no amulet)
HPRegen 0.09/turn               (no ring)
MPRegen 0.09/turn               (no ring)

@: no status effects
A: sickness immunity, AC +3, negative energy resistance 1, electricity
resistance, torment resistance 1, petrification resistance
a: no special abilities


You were on level 3 of the Dungeon.
You visited 1 branch of the dungeon, and saw 3 of its levels.

You collected 177 gold pieces.

Inventory:

Hand Weapons
 a - a +0 war axe (weapon)
 g - a +1 vorpal sling
Armour
 b - a +0 scale mail (worn)
 c - a +0 buckler (worn)
Scrolls
 e - 3 scrolls of teleportation
 f - a scroll of identify
 h - a scroll of fear
Potions
 d - a potion of might
 j - a potion of brilliance
 l - a potion of resistance


   Skills:
 + Level 4.0 Fighting
 + Level 2.9 Axes
 + Level 3.9 Armour
 + Level 3.7 Shields


You had 3 spell levels left.
You didn't know any spells.
Your spell library contained the following spells:

 Spells                   Type           Power      Damage    Failure   Level
 Apportation              Tloc           0%         N/A       83%         1
 Necrotise                Necr           0%         1d4       83%         1
 Summon Small Mammal      Summ           0%         N/A       83%         1


Dungeon Overview and Level Annotations

Branches:
Dungeon (3/15)

Altars:
Qazlal

Annotations:
D:1 1 transporter


Innate Abilities, Weirdness & Mutations

You are immune to sickness and miasma.
Your stone body is resilient. (AC +3)
You are immune to poison.
You resist negative energy. (rN+)
You are resistant to electric shocks. (rElec)
You are resistant to unholy torment.
You are immune to petrification.


Message History

You miss something. You closely miss the orc wizard.
Something hits you but does no damage.
The orc wizard hits you but does no damage.
You closely miss something.
You hit the orc wizard but do no damage.
You hear some strange, mumbled words.
You are confused.
The orc wizard hits you but does no damage.
The orc wizard attacks as you move away!
The orc wizard barely misses you. Something hits you.
Found 12 gold pieces.
You miss something. Something hits you. The orc wizard casts a spell at you.
The magic dart hits something!
Something hits you but does no damage.
You barely miss something. You hit the orc wizard.
Something hits you but does no damage.
The orc wizard hits you but does no damage.
You closely miss something. You closely miss the orc. You miss the orc wizard.
You feel less confused. You block something's attack.
The orc wizard misses you. The orc hits you with a +0 falchion.
You barely miss something. You hit the orc wizard. You barely miss the orc.
Something hits you but does no damage. The orc hits you but does no damage.
The orc wizard casts a spell at you. The magic dart hits you.
The orc wizard hits you but does no damage.
Something hits you but does no damage. The orc hits you with a +0 falchion.
* * * LOW HITPOINT WARNING * * *
You miss something. You hit the orc but do no damage.
You closely miss the orc wizard. Something hits you.
* * * LOW HITPOINT WARNING * * *
The orc wizard barely misses you. The orc closely misses you.
You miss something. You closely miss the orc wizard. You hit the orc.
Something hits you.
* * * LOW HITPOINT WARNING * * *
The orc wizard barely misses you. The orc barely misses you.
The orc wizard hits you with a +0 dagger.
* * * LOW HITPOINT WARNING * * *
The orc hits you with a +0 falchion.
You die...

......# ...# #..#.#....
..... . ..#.#...##....#
................#
........)).....#
###.#.#...#..# ..
$.....#...#..#.## #.#
#...o{o........ #.#
###.#@..#..#### # #.#
#.#...#..... #.#
#.#...#...... # #.#
####.#..........
..#####.###........#......
..........................
#######.###.#..≈.........
..†####.......§≈§≈.......
###.......#...≈._.§......


You could see an orc wizard and an orc.

Vanquished Creatures
  3 adders
  3 dart slugs
  3 orcs (D:3)
  4 bats
  2 endoplasms
  3 giant cockroaches
  2 goblins
  8 hobgoblins
  4 jackals (D:1)
  2 quokkas
  3 ball pythons (D:1)
  5 frilled lizards
  5 kobolds
  3 rats
50 creatures vanquished.

Vanquished Creatures (others)
  3 fungi (D:2)
  7 plants (D:2)
10 creatures vanquished.

Grand Total: 60 creatures vanquished

Notes
Turn   | Place    | Note
-------+----------+-------------------------------------------
     0 | D:1      | bande the Gargoyle Fighter began the quest for the Orb.
     0 | D:1      | Reached XP level 1. HP: 14/14 MP: 1/1
    27 | D:1      | Reached XP level 2. HP: 15/19 MP: 2/2
   463 | D:1      | Reached XP level 3. HP: 24/24 MP: 3/3
  1122 | D:2      | Identified the +9 dagger "Laip" {chaos, rF+ rN+ Int+3}
  1341 | D:2      | Found a faded altar of an unknown god.
  1345 | D:2      | Reached XP level 4. HP: 29/29 MP: 4/4
  1454 | D:3      | Found a stormy altar of Qazlal.
  1471 | D:3      | Reached skill level 4 in Fighting
  1491 | D:3      | HP: 1/29 [orc wizard/+0 dagger (3)]
  1491 | D:3      | Slain by an orc

Illustrated notes

Levels and vault maps discovered:
D:1:      spicycebolla_arrival_risky_transporter, layout_rooms,
          minmay_tetromino_l4
D:2:      layout_loops_ring, shapermc_ecumenical_altar_mp_ritualfount
D:3:      layout_basic, nicolae_qazlal_scattered_showers,
          mainiacjoe_overflow_brackets, minmay_misc_feat_roman

Skill      XL: |  1  2  3  4 |
---------------+-------------+-----
Axes           | 2 |  2.9
Fighting       | 4 |  4.0
Armour         | |  3.9
Shields        | |  3.7

Action                   |  1- 3 |  4- 6 || total
-------------------------+-------+-------++-------
Melee: War axe           |   110 |    35 ||   145
  Use: Scroll            |     8 |       ||     8
Armor: Scale mail        |    58 |    37 ||    95
Dodge: Dodged            |    48 |    14 ||    62
Block: Buckler           |    31 |     6 ||    37

Table legend: (Time is in decaauts)
 A = Elapsed time spent in this place.
 B = Non-inter-level travel time spent in this place.
 C = Inter-level travel time spent in this place.
 D = Time resting spent in this place.
 E = Time spent auto-exploring this place.
 F = Levels seen in this place.
 G = Mean time per level.
                   A        B        C        D        E       F      G
               +--------+--------+--------+--------+--------+-----+--------+
         Total |   1553 |   1521 |     32 |      0 |   1159 |   3 |  517.7 |
       Dungeon |   1553 |   1521 |     32 |      0 |   1159 |   3 |  517.7 |
               +--------+--------+--------+--------+--------+-----+--------+

Top non-repeatable levels by time:
     D:1: 744 daAuts
     D:2: 722 daAuts
     D:3: 86 daAuts
